Map: Emerald City LE

Players

TJMAXX - Winner!

  • Race: Protoss Protoss
  • Spawn Location: 5:00

FrankNBeans - Winner!

  • Race: Terran Terran
  • Spawn Location: 5:00

Throwfordays

  • Race: Protoss Protoss
  • League: Bronze
  • Spawn Location: 11:00

Cthulhu

  • Race: Protoss Protoss
  • Spawn Location: 11:00

VOD

Have the link to the VOD?

Description

Time

  • Played on: Feb. 1, 2019, 8:52 p.m.
  • Length: 8:42
Show
View Real Time Build Order
Export as new Build Order

TJMAXX Protoss - Winner!

Build Orders:  

Get SALT Encoding   

  12  0:01  Probe  
  13  0:13  Probe  
  14  0:19  Pylon  
  14  0:26  Probe  
  15  0:38  Probe  
  16  0:43  Gateway  
  16  0:50  Probe  
  16  0:55  Assimilator  
  17  1:02  Pylon, Probe  
  18  1:15  Gateway  
  18  1:20  Probe  
  18  1:25  Assimilator  
  19  1:34  Cybernetics Core  
  19  1:35  Zealot  
  21  1:42  Probe  
  22  1:54  Zealot, Probe  
  23  2:07  Probe  
  26  2:15  Stalker  
  28  2:19  Probe  
  29  2:34  Nexus  
  29  2:40  Probe  
  30  2:52  Probe  
  31  3:13  Pylon  
  31  3:19  Pylon  
  31  3:31  Stalker, Probe, Zealot  
  31  3:34  Stargate  
  36  3:43  Probe  
  37  3:58  Zealot  
  37  4:01  Stalker  
  37  4:02  Probe  
  42  4:10  Probe  
  42  4:13  Probe  
  44  4:19  Probe  
  45  4:25  Zealot, Probe  
  48  4:31  Probe  
  48  4:37  Forge  
  49  4:43  Probe  
  49  4:44  Twilight Council  
  49  4:45  Void Ray  
  54  4:50  Pylon  
  54  4:56  Probe  
  45  5:16  Zealot x2  
  45  5:19  Protoss Shields Level 1  
  49  5:32  Charge  
  49  5:34  Void Ray  
  49  5:39  Probe  
  54  5:43  Assimilator, Zealot  
  54  5:44  Zealot  
  58  5:52  Probe  
  58  5:54  Stargate  
  55  5:57  Pylon  
  55  6:04  Probe  
  54  6:09  Void Ray  
  54  6:11  Zealot x2  
  62  6:22  Assimilator  
  62  6:25  Probe  
  63  6:37  Probe  
  63  6:38  Stalker x2  
  68  6:43  Void Ray  
  72  6:49  Probe  
  73  7:08  Zealot x2  
  77  7:37  Zealot  
  77  7:40  Zealot  
  75  7:47  Void Ray  
  73  8:07  Zealot  
  77  8:34  Pylon  
  77  8:38  Pylon  
Show
View Real Time Build Order
Export as new Build Order

FrankNBeans Terran - Winner!

Build Orders:  

Get SALT Encoding   

  12  0:00  SCV  
  13  0:13  SCV  
  14  0:18  Supply Depot  
  14  0:25  SCV  
  15  0:42  Barracks  
  15  0:48  Barracks  
  15  0:51  SCV  
  16  0:58  Refinery  
  16  1:03  SCV  
  17  1:11  Refinery  
  17  1:15  SCV  
  18  1:31  Supply Depot  
  18  1:35  Orbital Command  
  18  1:47  Barracks Reactor  
  18  1:55  Barracks Reactor  
  18  2:03  SCV  
  19  2:15  SCV, Barracks  
  20  2:27  Reaper x2, SCV  
  23  2:35  Reaper x2  
  25  2:40  SCV, Supply Depot  
  26  2:53  SCV  
  27  3:12  SCV  
  28  3:16  Barracks Tech Lab  
  28  3:22  Marine  
  28  3:23  Marine x2  
  28  3:24  Marine, SCV  
  33  3:34  Supply Depot  
  33  3:40  Marine x2  
  33  3:41  Marine x2  
  33  3:58  Marine x2  
  33  3:59  Marine x2  
  33  4:01  Factory  
  33  4:02  Marauder  
  39  4:16  Marine x2  
  39  4:17  Marine x2  
  41  4:24  Marauder  
  45  4:26  Stimpack  
  45  4:33  Marine  
  45  4:34  Marine  
  45  4:35  Supply Depot  
  47  4:48  Factory Tech Lab  
  47  4:56  Marine x2  
  47  4:57  Supply Depot, Marauder  
  51  5:12  Siege Tank  
  54  5:14  Marine  
  54  5:18  Marine x3  
  58  5:32  Marine, Marauder  
  61  5:36  Marine x2  
  61  5:38  Supply Depot  
  63  5:48  Marine  
  62  5:51  Siege Tank  
  62  5:54  Marauder  
  58  6:03  Supply Depot  
  51  6:11  Marine x2  
  51  6:12  Marine x2  
  51  6:14  Combat Shield  
  51  6:15  Marauder  
  57  6:29  Marine x4  
  61  6:36  Marauder  
  63  6:58  Marauder  
  65  7:21  Command Center  
  53  8:24  Marine  
Show
View Real Time Build Order
Export as new Build Order

Throwfordays Protoss 

Build Orders: Blink Stalkers 

Get SALT Encoding   

  12  0:02  Probe  
  13  0:14  Probe  
  13  0:18  Pylon  
  14  0:26  Probe  
  15  0:36  Gateway  
  15  0:38  Probe  
  16  0:50  Assimilator, Probe  
  17  1:02  Probe  
  18  1:10  Gateway  
  18  1:14  Probe  
  19  1:23  Cybernetics Core  
  19  1:27  Probe  
  19  1:29  Warp Gate  
  19  1:30  Assimilator  
  20  1:39  Probe  
  21  1:51  Probe  
  22  1:54  Pylon  
  22  2:03  Probe  
  22  2:07  Pylon  
  23  2:12  Stalker  
  23  2:13  Stalker  
  27  2:42  Stalker  
  27  2:43  Stalker  
  31  2:56  Gateway  
  31  2:58  Gateway  
  31  3:02  Forge  
  31  3:12  Twilight Council  
  31  3:22  Adept x2  
  35  3:55  Blink  
  35  4:01  Nexus  
  35  4:10  Assimilator  
  35  4:14  Assimilator  
  35  4:43  Pylon  
  33  5:04  Protoss Ground Weapons Level 1  
  31  5:07  Adept x4  
  31  5:13  Probe  
  40  5:16  Probe  
  33  5:25  Probe  
  33  5:28  Probe  
  35  5:29  Adept  
  35  5:32  Adept  
  39  5:37  Probe  
  39  5:38  Adept  
  39  5:40  Probe  
  43  5:49  Probe  
  44  5:52  Probe  
  39  6:01  Probe  
  39  6:02  Adept x4  
  48  6:04  Probe  
  49  6:13  Probe  
  49  6:16  Probe  
  52  6:25  Probe  
  52  6:28  Probe  
  53  6:36  Pylon  
  53  6:37  Pylon, Probe  
  54  6:41  Pylon  
  54  6:45  Pylon  
  54  6:54  Probe x2  
  56  7:06  Probe x2  
  58  7:14  Robotics Facility x2  
  58  7:17  Robotics Facility  
  58  7:18  Probe x2  
  60  7:30  Probe x2  
  60  7:36  Stalker x2  
  60  7:37  Stalker x2  
  43  8:03  Stalker x2  
  43  8:04  Stalker x2  
  48  8:26  Stalker  
  48  8:27  Stalker x3  
Show
View Real Time Build Order
Export as new Build Order

Cthulhu Protoss 

Build Orders:  

Get SALT Encoding   

  1  0:00  Probe  
  13  0:07  Probe  
  14  0:16  Probe  
  15  0:26  Pylon  
  15  0:41  Assimilator  
  15  0:44  Probe  
  15  0:47  Gateway  
  16  0:56  Probe  
  17  1:04  Probe  
  18  1:12  Probe  
  19  1:19  Gateway  
  19  1:23  Probe  
  20  1:40  Cybernetics Core  
  20  1:43  Pylon  
  20  1:49  Zealot  
  20  1:53  Warp Gate  
  22  1:55  Pylon  
  22  2:10  Nexus  
  22  2:20  Stalker  
  24  2:27  Zealot  
  26  2:32  Probe  
  27  2:39  Pylon  
  27  3:02  Stalker x2  
  31  3:08  Probe  
  32  3:20  Probe  
  32  3:46  Stalker  
  32  3:48  Stalker  
  36  4:02  Probe x2  
  38  4:05  Assimilator  
  38  4:15  Twilight Council  
  38  4:20  Robotics Facility  
  38  4:39  Stalker  
  38  4:40  Zealot  
  32  5:22  Forge  
  32  5:25  Assimilator  
  32  5:28  Zealot  
  32  5:29  Assimilator  
  32  5:30  Zealot  
  36  5:35  Pylon  
  36  5:44  Shield Battery  
  36  5:47  Shield Battery  
  36  5:49  Protoss Ground Weapons Level 1  
  25  6:11  Photon Cannon  
  25  6:13  Photon Cannon  
  25  6:20  Photon Cannon  
  25  6:33  Robotics Bay  
  25  6:44  Pylon, Observer  
  25  6:45  Charge, Gateway  
  25  6:46  Gateway  
  26  6:58  Zealot  
  26  6:59  Zealot  
  30  7:01  Observer  
  30  7:04  Gateway  
  30  7:06  Gateway  
  31  7:30  Pylon, Stalker  
  31  7:31  Stalker  
  29  7:59  Stalker x2  
  29  8:00  Stalker x3  
Tags
 
Add a new tag
Caveats
  • Supply blocks, unpowered buildings, or Contaminate may cause inaccurate times.
  • Supply counts are checked every 10 seconds.